Map: Dreamcatcher LE

Players

Mana - Winner!

  • Race: Protoss Protoss
  • Spawn Location: 5:00

Future

  • Race: Terran Terran
  • Spawn Location: 11:00

Event: WCS Montreal 2018

VOD

Have the link to the VOD?

Description

Time

  • Played on: Sept. 7, 2018, 3:53 p.m.
  • Length: 13:21

All games in this series

Show
View Real Time Build Order
Export as new Build Order

Mana Protoss - Winner!

Build Orders: 1 Gate Expand 

Get SALT Encoding   

  12  0:00  Probe  
  13  0:12  Probe  
  14  0:17  Pylon  
  14  0:24  Probe  
  15  0:32  Probe  
  15  0:39  Gateway  
  15  0:40  Probe  
  16  0:48  Assimilator  
  17  0:50  Probe  
  18  0:58  Probe  
  19  1:06  Probe  
  20  1:24  Nexus  
  20  1:34  Cybernetics Core  
  20  1:38  Probe  
  21  1:42  Assimilator  
  21  1:49  Pylon  
  21  1:52  Probe  
  22  2:00  Stalker  
  22  2:04  Probe  
  23  2:11  Warp Gate  
  25  2:16  Probe  
  25  2:25  Adept  
  25  2:28  Robotics Facility, Probe  
  26  2:37  Probe  
  29  2:40  Probe  
  30  2:49  Probe  
  31  2:52  Probe  
  31  2:57  Stalker  
  34  3:01  Probe  
  34  3:04  Probe  
  36  3:11  Observer  
  36  3:13  Probe  
  36  3:16  Probe  
  39  3:20  Gateway x2  
  39  3:25  Probe  
  40  3:28  Probe  
  40  3:34  Warp Prism  
  43  3:42  Probe x2  
  43  3:43  Pylon  
  45  3:50  Twilight Council  
  45  3:54  Probe  
  46  4:01  Probe  
  46  4:02  Shield Battery  
  47  4:06  Probe  
  48  4:13  Probe  
  49  4:17  Adept x2  
  46  4:28  Resonating Glaives  
  46  4:29  Probe x2  
  43  4:37  Probe x2  
  43  4:40  Adept x3  
  51  4:45  Probe x2  
  51  4:48  Forge  
  53  4:55  Probe  
  54  5:00  Pylon  
  54  5:03  Pylon  
  54  5:04  Probe  
  49  5:07  Adept x2  
  49  5:10  Probe  
  49  5:11  Protoss Ground Weapons Level 1  
  54  5:20  Adept, Probe  
  55  5:22  Probe  
  55  5:26  Immortal  
  52  5:29  Stalker  
  52  5:32  Probe  
  55  5:40  Adept  
  61  5:47  Adept  
  61  5:48  Probe x2  
  65  5:56  Assimilator  
  63  5:57  Assimilator  
  63  6:02  Probe  
  65  6:04  Sentry  
  65  6:06  Immortal  
  65  6:07  Pylon  
  70  6:25  Probe  
  71  6:29  Blink  
  71  6:36  Immortal, Adept x3  
  71  6:37  Probe  
  72  6:40  Pylon  
  75  6:56  Protoss Ground Armor Level 1  
  75  6:57  Stalker  
  77  7:06  Probe  
  77  7:07  Gateway  
  77  7:08  Gateway  
  78  7:12  Gateway  
  78  7:14  Gateway  
  78  7:17  Sentry  
  78  7:18  Sentry  
  78  7:20  Probe x2  
  84  7:25  Pylon  
  84  7:30  Observer  
  84  7:31  Pylon  
  84  7:32  Probe  
  84  7:33  Pylon  
  85  7:39  Pylon  
  85  7:45  Adept x3  
  85  7:47  Probe  
  85  7:48  Probe  
  93  8:01  Immortal  
  96  8:05  Adept x2  
  96  8:07  Adept  
  97  8:31  Stalker x3  
  103  8:36  Probe, Observer  
  103  8:37  Probe  
  103  8:39  Nexus  
  106  8:45  Stalker x2  
  110  8:49  Probe x2  
  112  8:58  Immortal, Shield Battery  
  116  9:04  Probe  
  117  9:12  Protoss Ground Armor Level 2  
  117  9:16  Templar Archives  
  117  9:26  Pylon, Observer  
  117  9:29  Pylon  
  115  9:48  Adept  
  117  9:55  Adept x6  
  122  10:09  Templar Archives  
  122  10:13  Probe x2  
  118  10:19  Robotics Facility  
  110  10:22  Probe  
  110  10:25  Probe  
  110  10:29  Robotics Facility  
  110  10:34  Stalker x5  
  118  10:37  Charge  
  118  10:38  Probe  
  118  10:39  Probe x2  
  121  10:51  Probe x2  
  121  10:54  Probe  
  124  10:57  Immortal, Photon Cannon  
  124  11:02  Pylon  
  124  11:08  Robotics Bay, Probe  
  124  11:10  Probe  
  131  11:11  Probe  
  131  11:16  Assimilator  
  131  11:19  Assimilator  
  131  11:20  Probe  
  132  11:43  Stalker x4  
  132  11:44  Stalker x3  
  132  11:46  Disruptor x2, Observer  
  140  12:00  Pylon  
  146  12:01  Pylon  
  146  12:03  Pylon  
  146  12:04  Pylon  
  144  12:12  Adept x2  
  148  12:22  Stalker, Adept x2  
  152  12:23  Disruptor x2  
  160  12:42  Stalker x4  
  160  12:43  Stalker  
  166  12:48  Adept x2  
  170  13:06  Adept x3  
Show
View Real Time Build Order
Export as new Build Order

Future Terran 

Build Orders: Gas First Reaper Expand, Liberator Opening, Reaper Expand, MMM Bio 

Get SALT Encoding   

  12  0:00  SCV  
  13  0:12  SCV  
  14  0:17  Supply Depot  
  14  0:24  SCV  
  14  0:28  Refinery  
  15  0:38  SCV  
  16  0:44  Barracks  
  16  0:51  SCV  
  17  1:03  SCV  
  18  1:15  SCV  
  19  1:33  Reaper, Orbital Command  
  20  1:47  Command Center  
  20  1:58  Factory  
  20  2:01  SCV  
  21  2:07  Barracks Reactor  
  21  2:10  Refinery  
  21  2:14  SCV  
  22  2:21  Supply Depot  
  22  2:26  SCV  
  23  2:43  SCV  
  24  2:46  Starport  
  24  2:49  Hellion x2  
  28  2:55  SCV  
  29  3:00  Orbital Command  
  28  3:07  Liberator  
  28  3:10  Hellion  
  32  3:12  Hellion  
  32  3:14  SCV  
  36  3:31  Hellion  
  36  3:34  Hellion  
  40  3:37  Barracks Tech Lab  
  40  3:40  Supply Depot  
  40  3:41  SCV x2  
  42  3:53  SCV x2  
  44  3:57  Supply Depot  
  44  4:05  SCV x2  
  44  4:07  Bunker  
  44  4:09  Siege Tank, Viking  
  51  4:10  Marine  
  51  4:13  Marine  
  53  4:17  SCV  
  51  4:24  SCV  
  51  4:28  Marine  
  51  4:29  SCV  
  47  4:31  Marine  
  47  4:36  Engineering Bay, SCV  
  47  4:41  SCV  
  47  4:45  Starport Tech Lab, Siege Tank  
  51  4:46  Marine  
  51  4:48  SCV  
  51  4:49  Marine  
  54  4:56  Barracks  
  54  4:58  Barracks  
  54  4:59  SCV  
  55  5:00  SCV  
  52  5:14  Marine  
  50  5:15  Marine  
  50  5:19  SCV  
  50  5:28  SCV  
  50  5:32  SCV  
  50  5:33  Starport Reactor  
  50  5:34  Marine x2  
  54  5:38  Factory Reactor  
  54  5:41  SCV  
  55  5:47  SCV  
  56  5:53  SCV, Combat Shields  
  56  5:54  Stimpack  
  57  5:58  Refinery  
  57  5:59  Missile Turret, SCV  
  58  6:05  SCV  
  58  6:06  Marauder  
  61  6:11  Supply Depot  
  61  6:13  Supply Depot  
  61  6:14  Marine  
  61  6:15  Marine  
  61  6:16  Marauder  
  65  6:19  SCV  
  59  6:33  Marine  
  59  6:34  Marauder, Marine  
  59  6:35  SCV  
  59  6:36  SCV  
  61  6:45  Marauder  
  61  6:46  Terran Infantry Weapons Level 1  
  64  6:47  SCV  
  64  6:48  SCV  
  64  6:51  Marine  
  64  6:52  Widow Mine x2  
  64  6:53  Medivac  
  72  6:56  Supply Depot  
  72  6:57  Marine  
  72  6:58  Marine  
  72  6:59  SCV  
  72  7:00  SCV  
  76  7:06  Marine, Supply Depot  
  74  7:08  Medivac  
  74  7:09  Marine  
  74  7:12  Concussive Shells  
  74  7:14  Widow Mine x2  
  81  7:16  Marauder  
  81  7:18  Marine  
  81  7:20  SCV x2  
  86  7:24  Marine  
  87  7:31  Marine  
  87  7:35  Medivac, Marine  
  91  7:37  Marine  
  91  7:41  Medivac  
  91  7:42  Marine  
  95  7:48  Widow Mine x2  
  95  7:49  Marine  
  100  7:54  SCV x2, Supply Depot  
  100  7:55  Supply Depot  
  102  8:06  Marine  
  102  8:15  Marine  
  102  8:16  Widow Mine x2  
  102  8:17  Supply Depot  
  102  8:18  Supply Depot  
  103  8:21  Marauder  
  103  8:22  Marine  
  103  8:24  Marine  
  104  8:28  Command Center  
  104  8:37  Barracks  
  104  8:38  Barracks  
  104  8:39  Liberator  
  104  8:40  SCV  
  104  8:45  SCV  
  104  8:46  Marine  
  104  8:47  Marine x3  
  109  8:49  Widow Mine x2  
  116  9:07  Marauder x2  
  116  9:08  Marine x2  
  122  9:12  Terran Infantry Armor Level 1, Supply Depot  
  122  9:17  Widow Mine x2  
  124  9:25  Barracks Tech Lab  
  124  9:27  Barracks Reactor  
  124  9:29  Marauder x2  
  124  9:30  SCV  
  129  9:39  Ghost Academy  
  129  9:40  Missile Turret, Liberator  
  129  9:44  Orbital Command  
  128  9:50  Marauder, Marine  
  133  10:05  Marine  
  133  10:06  Marine  
  116  10:15  SCV x2, Widow Mine x2  
  116  10:17  SCV  
  102  10:21  Ghost x2  
  102  10:28  Ghost  
  108  10:31  SCV  
  108  10:33  SCV  
  110  10:36  SCV  
  111  10:43  SCV  
  111  10:46  SCV  
  111  10:48  SCV  
  114  10:51  Medivac  
  114  10:55  SCV, Refinery x2  
  117  10:59  SCV  
  117  11:01  SCV, Refinery  
  123  11:04  Marine x6  
  123  11:05  Marine  
  123  11:09  SCV  
  127  11:11  SCV  
  127  11:15  Medivac  
  130  11:21  Medivac  
  130  11:22  Marine  
  130  11:23  SCV x2  
  134  11:32  Marauder  
  135  11:33  Marauder x2, Marine x2  
  135  11:34  Liberator x2, SCV  
  135  11:35  SCV  
  143  11:48  Marine  
  143  11:49  Marine  
  143  11:53  Marauder  
  143  11:54  SCV x2, Supply Depot x2  
  154  12:00  Marauder  
  155  12:06  Marauder  
  157  12:15  Marauder, Widow Mine x2, Marine x4  
  167  12:16  Supply Depot x2  
  167  12:22  Marauder  
  169  12:27  Marauder  
  152  12:47  Marauder x2, Marine x3  
  159  12:55  SCV  
  160  13:00  Marine  
  160  13:03  SCV  
Tags
 
Add a new tag
Caveats
  • Supply blocks, unpowered buildings, or Contaminate may cause inaccurate times.
  • Supply counts are checked every 10 seconds.